AoeStats
← Aoe_Ly

Fortress

507188868Analyzed
4v4 RM · 16d ago on Sep 17, 2026· 46m 30s· 8 players
Game mode
Random Map
Map size
Huge
Population
200
Speed
Normal
Resources
Standard
Victory
Conquest
Starting age
Dark Age
Ending age
Imperial Age
RankedLock teamsTeams togetherTeam positionsShared explorationLock speedFull tech treeHidden civsTurbo modeCheats
Victory
Defeat
🇺🇸 Bohemians · United States
1136
+16
🇺🇸 Wu · United States
1130
+16
🇺🇸 Bohemians · United States
1104
+17
🇺🇸 Britons · United States
1103
+17
🇳🇮 Bohemians · Nicaragua
1166
-17
🇺🇸 Jurchens · United States
1143
-17
🇳🇮 Cumans · Nicaragua
1132
-17
🇵🇪 Vietnamese · Peru
1092
-15
Frion
6:30 Feudal Age
10:57 Castle Age
9:05 Double-Bit Axe
10:37 Horse Collar
11:53 Wheelbarrow
11:48 Bow Saw
12:26 Heavy Plow
12:56 Loom
16:16 Hand Cart
16:18 Loom
24:01 Imperial Age
22:14 Pikeman
22:54 Squires
22:41 Arson
23:00 Scale Mail Armor
24:37 Chemistry
23:45 Scale Mail Armor
26:55 Conscription
28:04 Wagenburg Tactics
27:21 Halberdier
30:19 Chain Mail Armor
33:48 Plate Mail Armor
33:28 Forging
45:32 Elite Skirmisher
46:05 Houfnice
Bigpapapump_lol
7:11 Feudal Age
8:54 Double-Bit Axe
8:56 Horse Collar
10:11 Wheelbarrow
13:55 Castle Age
12:57 Scale Mail Armor
16:23 Chain Mail Armor
20:15 Bow Saw
24:10 Imperial Age
22:21 Gold Mining
22:42 Fletching
23:12 Forging
23:40 Hand Cart
24:40 Iron Casting
24:08 Husbandry
24:34 Bloodlines
24:16 Heavy Hei Guang Cavalry
27:30 Blast Furnace
27:14 Conscription
29:29 Two-Man Saw
29:04 Plate Mail Armor
28:43 Scale Barding Armor
30:55 Chain Barding Armor
31:15 Gold Shaft Mining
34:00 Plate Barding Armor
Chorpy
7:39 Feudal Age
5:54 Loom
9:28 Horse Collar
9:35 Double-Bit Axe
12:31 Castle Age
11:44 Fletching
13:27 Bow Saw
13:18 Heavy Plow
23:55 Imperial Age
22:22 Wheelbarrow
21:33 Town Watch
23:38 Fervor
23:55 Hand Cart
25:24 Chemistry
24:35 Masonry
24:05 Treadmill Crane
24:38 Masonry
26:21 Conscription
25:22 Elite Hussite Wagon
27:26 Wagenburg Tactics
28:47 Two-Man Saw
27:19 Pikeman
29:19 Siege Engineers
29:20 Squires
29:41 Town Patrol
31:52 Architecture
32:34 Halberdier
33:46 Fortified Wall
33:51 Houfnice
35:52 Scale Mail Armor
36:03 Forging
37:40 Caravan
39:41 Chain Mail Armor
40:01 Iron Casting
42:31 Elite Skirmisher
45:04 Plate Mail Armor
47:59 Blast Furnace
Yams
0:33 Loom
8:04 Feudal Age
9:10 Double-Bit Axe
9:11 Horse Collar
15:39 Castle Age
16:15 Fletching
16:42 Crossbowman
18:03 Heavy Plow
19:27 Ballistics
20:16 Bodkin Arrow
22:54 Padded Archer Armor
24:07 Town Watch
27:33 Leather Archer Armor
26:53 Pikeman
27:34 Squires
30:17 Husbandry
36:36 Imperial Age
34:45 Wheelbarrow
35:30 Yeomen
37:15 Bow Saw
37:46 Conscription
38:23 Halberdier
39:19 Forging
39:09 Scale Mail Armor
39:10 Bracer
40:11 Caravan
40:24 Arbalester
44:35 Chemistry
43:52 Fortified Wall
lost in the fog
9:43 Feudal Age
9:53 Feudal Age
11:03 Double-Bit Axe
10:59 Horse Collar
16:12 Castle Age
15:07 Loom
15:57 Wheelbarrow
15:14 Loom
16:04 Wheelbarrow
15:58 Forging
17:33 Husbandry
19:55 Fervor
19:58 Heavy Plow
21:30 Hand Cart
22:48 Scale Barding Armor
24:47 Bow Saw
25:21 Bloodlines
28:16 Town Watch
31:34 Imperial Age
32:41 Heavy Scorpion
33:37 Fletching
33:31 Heavy Scorpion
34:19 Squires
36:03 Elite Fire Lancer
38:50 Scale Mail Armor
39:17 Gambesons
39:50 Chain Mail Armor
40:10 Iron Casting
39:38 Gold Mining
43:26 Blast Furnace
43:03 Gold Shaft Mining
42:53 Stone Mining
44:50 Conscription
44:46 Caravan
47:08 Chemistry
46:30 Ballistics
Naxzh Foster
7:34 Feudal Age
12:04 Castle Age
10:25 Double-Bit Axe
10:42 Horse Collar
17:47 Wheelbarrow
17:45 Bow Saw
18:10 Gold Mining
18:52 Heavy Plow
20:10 Hand Cart
19:43 Loom
21:12 Gold Shaft Mining
21:45 Stone Mining
26:15 Imperial Age
25:20 Scale Barding Armor
25:26 Forging
26:00 Light Cavalry
26:51 Bloodlines
27:04 Chain Barding Armor
27:12 Cavalier
28:29 Iron Casting
28:29 Plate Barding Armor
28:20 Conscription
28:43 Crop Rotation
28:48 Town Watch
28:37 Paladin
30:21 Blast Furnace
30:27 Chemistry
29:49 Ballistics
29:25 Murder Holes
29:40 Town Patrol
31:13 Two-Man Saw
32:38 Elite Kipchak
33:10 Fletching
33:20 Padded Archer Armor
33:34 Masonry
33:00 Hussar
34:30 Bodkin Arrow
34:51 Leather Archer Armor
34:36 Scale Mail Armor
34:57 Cuman Mercenaries
38:23 Caravan
38:54 Coinage
38:58 Ring Archer Armor
38:43 Chain Mail Armor
38:55 Thumb Ring
38:12 Heavy Cavalry Archer
39:19 Parthian Tactics
43:44 Plate Mail Armor
El tío Furcio!
3:10 Loom
7:25 Feudal Age
9:35 Double-Bit Axe
9:32 Horse Collar
15:07 Castle Age
20:23 Imperial Age
21:08 Chemistry
24:59 Wheelbarrow
28:35 Bow Saw
28:38 Heavy Plow
28:36 Elite Hussite Wagon
29:44 Pikeman
30:25 Squires
30:56 Arson
30:41 Halberdier
36:17 Man-at-Arms
37:31 Scale Mail Armor
37:42 Forging
37:31 Long Swordsman
38:49 Chain Mail Armor
39:02 Hand Cart
38:33 Town Watch
40:33 Two-Man Saw
39:20 Two-Handed Swordsman
40:31 Champion
43:49 Champion
45:05 Plate Mail Armor
45:12 Iron Casting
Aoe_Ly
8:09 Feudal Age
11:57 Castle Age
10:32 Double-Bit Axe
11:52 Loom
12:42 Town Watch
13:17 Bow Saw
13:51 Horse Collar
18:02 Wheelbarrow
18:46 Hand Cart
21:10 Stone Mining
22:05 Gold Mining
25:45 Imperial Age
24:25 Ballistics
23:47 Treadmill Crane
25:44 Fletching
25:55 Padded Archer Armor
26:05 Scale Barding Armor
26:11 Forging
27:31 Chemistry
26:27 Murder Holes
26:37 Siege Engineers
26:32 Bodkin Arrow
28:02 Two-Man Saw
27:04 Heavy Plow
28:48 Chain Barding Armor
29:04 Iron Casting
28:33 Bracer
28:48 Leather Archer Armor
29:20 Paper Money
29:20 Guilds
29:50 Crop Rotation
30:12 Bloodlines
30:02 Husbandry
30:57 Stone Shaft Mining
31:02 Plate Barding Armor
31:03 Ring Archer Armor
30:05 Elite Skirmisher
31:02 Thumb Ring
31:25 Imperial Skirmisher
33:12 Elite Battle Elephant
34:20 Pikeman
35:00 Squires
34:46 Arson
35:36 Halberdier
40:53 Scale Mail Armor
45:15 Chain Mail Armor
Connection lost

Rejoining the realm…

Still unreachable

The connection could not be restored.

Session expired

The server has moved on; the page needs a fresh start.